 Dungeon Crawl Stone Soup version 0.21.1-1-g345015f (webtiles) character file.

4 theblackcape the Digger (level 1, -1/17 HPs)
             Began as a Gnoll Wanderer on June 18, 2018.
             Slain by a kobold (4 damage)
             ... on level 1 of the Dungeon.
             The game lasted 00:01:52 (78 turns).

theblackcape the Digger (Gnoll Wanderer)              Turns: 78, Time: 00:01:53

Health: -1/17      AC:  2    Str: 13    XL:     1   Next: 60%
Magic:  5/6        EV: 11    Int: 13    God:
Gold:   26         SH:  0    Dex: 16    Spells: 8/9 levels left

rFire    . . .     SeeInvis .   e - +0 dagger
rCold    . . .     Gourm    .   (no shield)
rNeg     . . .     Faith    .   d - +0 robe
rPois    .         Spirit   .   (no helmet)
rElec    .         Reflect  .   (no cloak)
rCorr    .         Harm     .   (no gloves)
MR       .....                  (no boots)
Stlth    +++.......             (no amulet)
HPRegen  0.05/turn              (no ring)
MPRegen  0.10/turn              (no ring)

@: no status effects
A: distributed training, fangs 1, strong nose
a: no special abilities


You were on level 1 of the Dungeon.
You were not hungry.

You visited 1 branch of the dungeon, and saw 1 of its levels.

You collected 26 gold pieces.

Inventory:

Hand Weapons
 e - a +0 dagger (weapon)
Armour
 d - a +0 robe (worn)
Scrolls
 g - a scroll of remove curse {unknown}
Potions
 c - a potion of curing
Books
 a - a book of Geomancy

   Spells                             Type                      Level
   a - Sandblast                      Earth                        1
   b - Passwall                       Transmutation/Earth          2
   c - Stone Arrow                    Conjuration/Earth            3
   d - Petrify                        Transmutation/Earth          4
   e - Lee's Rapid Deconstruction     Earth                        5
 b - Fanaol's Compendium of Necromancy

   Spells                             Type                      Level
   a - Pain                           Necromancy                   1
   b - Regeneration                   Charms/Necromancy            3
Comestibles
 f - 2 rations


   Skills:
 + Level 2.3 Fighting
 + Level 0.0 Short Blades
 + Level 0.0 Long Blades
 + Level 0.0 Axes
 + Level 0.0 Maces & Flails
 + Level 0.0 Polearms
 + Level 0.0 Staves
 + Level 0.0 Slings
 + Level 2.3 Bows
 + Level 0.0 Crossbows
 + Level 0.0 Throwing
 + Level 2.3 Armour
 + Level 0.0 Dodging
 + Level 4.0 Stealth
 + Level 0.0 Shields
 + Level 0.0 Unarmed Combat
 + Level 4.8 Spellcasting
 + Level 0.0 Conjurations
 + Level 0.0 Hexes
 + Level 0.0 Charms
 + Level 0.0 Summonings
 + Level 0.0 Necromancy
 + Level 0.0 Translocations
 + Level 0.0 Transmutations
 + Level 0.0 Fire Magic
 + Level 0.0 Ice Magic
 + Level 0.0 Air Magic
 + Level 5.3 Earth Magic
 + Level 0.0 Poison Magic
 + Level 0.1 Invocations
 + Level 0.0 Evocations


You had 8 spell levels left.
You knew the following spells:

 Your Spells              Type           Power        Failure   Level  Hunger
a - Pain                  Necr           #...         19%         1    None


Dungeon Overview and Level Annotations

Branches:
Dungeon (1/15)

Altars:


Innate Abilities, Weirdness & Mutations

Your experience applies equally to all skills.
You have very sharp teeth.
Your uncanny sense of smell can sniff out nearby items.


Message History

You hit the rat but do no damage. The rat bites you.
You barely miss the rat. Your bite misses the rat. The rat closely misses you.
You hit the rat but do no damage. Your bite misses the rat. The rat bites you.
You closely miss the rat. The rat barely misses you.
You hit the rat.
You kill the rat!
The kobold hits you.
* * * LOW HITPOINT WARNING * * *
You hit the goblin.
The goblin is severely wounded.
The kobold barely misses you. The goblin barely misses you.
Casting: Pain
Confirm with . or Enter, or press ? or * to list all spells.
Aiming: Pain
Press: ? - help, Shift-Dir - straight line, f - goblin
Aim: a goblin, wielding an enchanted dagger (severely wounded, chance to defeat MR: 59%)
The goblin writhes in agony!
You kill the goblin!
The kobold hits you.
You die...

#.... . .# #### #.... . .#.#
##..###♣.... .. ( ...
#..#∩#......
.(...####?#######†##......8.
... ...#.#.......##........
.. #......##.###.........
##.#.#.##K##.###♣........
#......)@.....##...♣.....
#.(...###########♣........
#.....# #♣...#∩#. #......
#####.## ####... # #....
#.... #.....


You could see a kobold.

Vanquished Creatures
  A bat (D:1)
  A goblin (D:1)
  2 rats (D:1)
4 creatures vanquished.

Notes
Turn   | Place    | Note
-------+----------+-------------------------------------------
     0 | D:1      | theblackcape the Gnoll Wanderer began the quest for the Orb.
     0 | D:1      | theblackcape set off with: a book of Geomancy, Fanaol's Compendium of Necromancy, a potion of curing, a +0 robe, a +0 dagger, a ration
     0 | D:1      | Reached XP level 1. HP: 17/17 MP: 6/6
     0 | D:1      | Identified Fanaol's Compendium of Necromancy
     2 | D:1      | Learned a level 1 spell: Pain
    78 | D:1      | Slain by a kobold

Action                   || total
-------------------------++-------
Melee: Dagger            ||    14
 Cast: Pain              ||     1
 Stab: Sleeping          ||     1
Armor: Robe              ||     4
Dodge: Dodged            ||    10
